NCAA
TEXAS CHRISTIAN HORNED FROGS @ WAKE FOREST DEMON DEACONS
05/14/2026
 
TOP OF THE 1ST
Texas Christian Horned Frogs batting - Pitching for Wake Forest Demon Deacons : RHP Jack Burns
Pitching: RHP Jack Burns
Batting: RHB Francisco Fernández 0-0: Ball
1-0: Ball
2-0: Called Strike
2-1: Fly out, F6 (Line Drive, 6)
Batting: SHB Robbie Rhodes 0-0: Called Strike
0-1: Swinging Strike
0-2: Ball
1-2: Strikes out looking
Batting: RHB Bob McDonald 0-0: Foul Ball, location: 2F
0-1: Swinging Strike
0-2: Ball
1-2: Foul Ball, location: 2F
1-2: Ball
2-2: SINGLE (Line Drive, 89S)
Batting: LHB Ryan Flynn 0-0: Ball
1-0: Ball
2-0: Called Strike
2-1: Called Strike
2-2: Reached on error, E4 (Groundball, 34)
Bob McDonald to second
Batting: RHB Anthony Walsh 0-0: Fly out, F3 (Popup, 34)
Top of the 1st over - 0 run(s), 1 hit(s), 1 error(s), 2 left on base; Texas Christian 0 - Wake Forest 0
BOTTOM OF THE 1ST
Wake Forest Demon Deacons batting - Pitching for Texas Christian Horned Frogs : LHP Don MacKinlay
Pitching: LHP Don MacKinlay
Batting: RHB Daniel Dillard 0-0: Ball
1-0: Foul Ball, location: 2F
1-1: Ball
2-1: Ball
3-1: Base on Balls
Batting: RHB Ed Hamilton 0-0: Ball
1-0: Ball
2-0: Foul Ball, location: 2F
2-1: Ball
3-1: Foul Ball, location: 2F
3-2: Base on Balls
Daniel Dillard to second
Batting: RHB Ronald Spencer 0-0: Ball
1-0: Ball
2-0: Called Strike
2-1: Called Strike
Daniel Dillard steals 3rd base
Ed Hamilton to second
2-2: SINGLE (Groundball, 56)
Daniel Dillard scores
Ed Hamilton to third
Batting: RHB Darrel O'Dooley 0-0: Ball
1-0: Swinging Strike
1-1: Foul Ball, location: 2F
1-2: Ball
2-2: Strikes out swinging
Batting: LHB Michael Edwards 0-0: Ball
1-0: Grounds into double play, 6-4-3 (Groundball, 6)
Bottom of the 1st over - 1 run(s), 1 hit(s), 0 error(s), 1 left on base; Texas Christian 0 - Wake Forest 1
TOP OF THE 2ND
Texas Christian Horned Frogs batting - Pitching for Wake Forest Demon Deacons : RHP Jack Burns
Batting: SHB Richie Gallegos 0-0: Called Strike
0-1: Foul Ball, location: 2F
Reached via error on a dropped throw, E3
Batting: RHB Stan Webb 0-0: Ball
1-0: Foul Ball, location: 2F
1-1: Swinging Strike
1-2: Strikes out looking
Batting: RHB Britt Short 0-0: Ball
1-0: Ball
2-0: Ball
3-0: Base on Balls
Richie Gallegos to second
Batting: RHB José Reyes 0-0: Foul Ball, location: 2F
0-1: Foul Ball, location: 2F
0-2: Fly out, F8 (Line Drive, 8LS)
Batting: RHB Francisco Fernández 0-0: Ball
1-0: Called Strike
1-1: Foul Ball, location: 2F
1-2: Ground out 1-3 (Groundball, 25)
Top of the 2nd over - 0 run(s), 0 hit(s), 1 error(s), 2 left on base; Texas Christian 0 - Wake Forest 1
BOTTOM OF THE 2ND
Wake Forest Demon Deacons batting - Pitching for Texas Christian Horned Frogs : LHP Don MacKinlay
Batting: SHB Dave Bell 0-0: Ball
1-0: Ball
2-0: Foul Ball, location: 2F
2-1: SINGLE (Line Drive, 34)
Batting: LHB Barry Pierce 0-0: Called Strike
0-1: Swinging Strike
0-2: Strikes out swinging
Batting: RHB Leonard Conway 0-0: Swinging Strike
0-1: Called Strike
0-2: Foul Ball, location: 2F
0-2: Ball
1-2: Ball
2-2: Strikes out swinging
Batting: RHB Wilbert Bernard 0-0: Called Strike
0-1: Ball
1-1: Ball
2-1: Ball
3-1: Called Strike
3-2: Strikes out swinging
Bottom of the 2nd over - 0 run(s), 1 hit(s), 0 error(s), 1 left on base; Texas Christian 0 - Wake Forest 1
TOP OF THE 3RD
Texas Christian Horned Frogs batting - Pitching for Wake Forest Demon Deacons : RHP Jack Burns
Batting: SHB Robbie Rhodes 0-0: Called Strike
0-1: Ball
1-1: Foul Ball, location: 2F
1-2: Ball
2-2: Strikes out looking
Batting: RHB Bob McDonald 0-0: Called Strike
0-1: Ground out 6-3 (Groundball, 6)
Batting: LHB Ryan Flynn 0-0: Ball
1-0: Fly out, F2 (Popup, 2RF)
Top of the 3rd over - 0 run(s), 0 hit(s), 0 error(s), 0 left on base; Texas Christian 0 - Wake Forest 1
BOTTOM OF THE 3RD
Wake Forest Demon Deacons batting - Pitching for Texas Christian Horned Frogs : LHP Don MacKinlay
Batting: RHB Daniel Dillard 0-0: Swinging Strike
0-1: Foul Ball, location: 2F
0-2: Ball
1-2: Foul Ball, location: 2F
1-2: Ball
2-2: Ball
3-2: Foul Ball, location: 2F
3-2: Foul Ball, location: 2F
3-2: Foul Ball, location: 2F
3-2: Strikes out swinging
Batting: RHB Ed Hamilton 0-0: Called Strike
0-1: Foul Ball, location: 2F
0-2: Strikes out swinging
Batting: RHB Ronald Spencer 0-0: Ball
1-0: Ball
2-0: SOLO HOME RUN (Flyball, 8RXD), Distance : 411 ft
Batting: RHB Darrel O'Dooley 0-0: Ball
1-0: Called Strike
1-1: Ball
2-1: Swinging Strike
2-2: Ground out 6-3 (Groundball, 6)
Bottom of the 3rd over - 1 run(s), 1 hit(s), 0 error(s), 0 left on base; Texas Christian 0 - Wake Forest 2
TOP OF THE 4TH
Texas Christian Horned Frogs batting - Pitching for Wake Forest Demon Deacons : RHP Jack Burns
Batting: RHB Anthony Walsh 0-0: Swinging Strike
0-1: Swinging Strike
0-2: Ball
1-2: Foul Ball, location: 2F
1-2: Foul Ball, location: 2F
1-2: Strikes out looking
Batting: SHB Richie Gallegos 0-0: Called Strike
0-1: Swinging Strike
0-2: Foul Ball, location: 2F
0-2: Foul Ball, location: 2F
0-2: Ball
1-2: Ball
2-2: Ball
3-2: Foul Ball, location: 2F
3-2: Foul Ball, location: 2F
3-2: Base on Balls
Batting: RHB Stan Webb 0-0: Foul Ball, location: 2F
0-1: Swinging Strike
0-2: Ball
1-2: Strikes out swinging
Batting: RHB Britt Short 0-0: Ball
1-0: Ball
2-0: Foul Ball, location: 2F
2-1: Ball
3-1: Swinging Strike
3-2: Foul Ball, location: 2F
3-2: Base on Balls
Richie Gallegos to second
Batting: RHB José Reyes 0-0: Ball
1-0: Called Strike
1-1: Ball
2-1: Called Strike
2-2: Strikes out swinging
Top of the 4th over - 0 run(s), 0 hit(s), 0 error(s), 2 left on base; Texas Christian 0 - Wake Forest 2
BOTTOM OF THE 4TH
Wake Forest Demon Deacons batting - Pitching for Texas Christian Horned Frogs : LHP Don MacKinlay
Batting: LHB Michael Edwards 0-0: Ground out 4-3 (Groundball, 34)
Batting: SHB Dave Bell 0-0: Foul Ball, location: 2F
0-1: Ground out 4-3 (Groundball, 4M)
Batting: LHB Barry Pierce 0-0: Called Strike
0-1: Called Strike
0-2: Ball
1-2: Foul Ball, location: 2F
1-2: Ball
2-2: Fly out, F7 (Flyball, 78M)
Bottom of the 4th over - 0 run(s), 0 hit(s), 0 error(s), 0 left on base; Texas Christian 0 - Wake Forest 2
TOP OF THE 5TH
Texas Christian Horned Frogs batting - Pitching for Wake Forest Demon Deacons : RHP Jack Burns
Batting: RHB Francisco Fernández 0-0: Ball
1-0: Called Strike
1-1: Ball
2-1: Fly out, F9 (Flyball, 89M)
Pitching: RHP Ken Robinson
Batting: SHB Robbie Rhodes 0-0: Ball
1-0: Ball
2-0: SINGLE (Groundball, 56D)
Batting: RHB Bob McDonald 0-0: Called Strike
0-1: Swinging Strike
0-2: Strikes out swinging
Batting: LHB Ryan Flynn 0-0: Ball
Robbie Rhodes is caught stealing 2nd base
Top of the 5th over - 0 run(s), 1 hit(s), 0 error(s), 0 left on base; Texas Christian 0 - Wake Forest 2
BOTTOM OF THE 5TH
Wake Forest Demon Deacons batting - Pitching for Texas Christian Horned Frogs : LHP Don MacKinlay
Batting: RHB Leonard Conway 0-0: Ball
1-0: Fly out, F7 (Line Drive, 78M)
Batting: RHB Wilbert Bernard 0-0: Ball
1-0: Called Strike
1-1: Ground out 6-3 (Groundball, 56)
Batting: RHB Daniel Dillard 0-0: Called Strike
0-1: Ball
1-1: Fly out, F8 (Flyball, 8RM)
Bottom of the 5th over - 0 run(s), 0 hit(s), 0 error(s), 0 left on base; Texas Christian 0 - Wake Forest 2
TOP OF THE 6TH
Texas Christian Horned Frogs batting - Pitching for Wake Forest Demon Deacons : RHP Ken Robinson
Batting: LHB Ryan Flynn 0-0: Foul Ball, location: 2F
0-1: Fly out, F4 (Line Drive, 4)
Batting: RHB Anthony Walsh 0-0: SINGLE (Groundball, 13) (infield hit)
Batting: SHB Richie Gallegos 0-0: Fly out, F4 (Popup, 4M)
Batting: RHB Stan Webb 0-0: Foul Ball, location: 2F
0-1: Called Strike
0-2: Ball
1-2: Strikes out swinging
Top of the 6th over - 0 run(s), 1 hit(s), 0 error(s), 1 left on base; Texas Christian 0 - Wake Forest 2
BOTTOM OF THE 6TH
Wake Forest Demon Deacons batting - Pitching for Texas Christian Horned Frogs : LHP Don MacKinlay
Pitching: LHP Dani Torres
Batting: RHB Ed Hamilton 0-0: Called Strike
0-1: Swinging Strike
0-2: Ball
1-2: Ground out 6-3 (Groundball, 6)
Batting: RHB Ronald Spencer 0-0: Foul Ball, location: 2F
0-1: Ground out 5-3 (Groundball, 5S)
Batting: RHB Darrel O'Dooley 0-0: SOLO HOME RUN (Line Drive, 7D), Distance : 350 ft
Batting: LHB Michael Edwards 0-0: Swinging Strike
0-1: Ball
1-1: Called Strike
1-2: Ball
2-2: Fly out, F7 (Flyball, 78S)
Bottom of the 6th over - 1 run(s), 1 hit(s), 0 error(s), 0 left on base; Texas Christian 0 - Wake Forest 3
TOP OF THE 7TH
Texas Christian Horned Frogs batting - Pitching for Wake Forest Demon Deacons : RHP Ken Robinson
Batting: RHB Britt Short 0-0: Fly out, F7 (Flyball, 7D)
Pitching: LHP Mike Hill
Batting: RHB José Reyes 0-0: Ball
1-0: Called Strike
1-1: Swinging Strike
1-2: Ball
2-2: Ball
3-2: Strikes out swinging
Batting: RHB Francisco Fernández 0-0: Fly out, F7 (Flyball, 78S)
Top of the 7th over - 0 run(s), 0 hit(s), 0 error(s), 0 left on base; Texas Christian 0 - Wake Forest 3
BOTTOM OF THE 7TH
Wake Forest Demon Deacons batting - Pitching for Texas Christian Horned Frogs : LHP Dani Torres
Batting: SHB Dave Bell 0-0: Called Strike
0-1: Ball
1-1: Foul Ball, location: 2F
1-2: Foul Ball, location: 2F
1-2: Foul Ball, location: 2F
1-2: Strikes out looking
Batting: LHB Barry Pierce 0-0: Ball
1-0: Called Strike
1-1: Ball
2-1: Foul Ball, location: 2F
2-2: Ground out 3-1 (Groundball, 34)
Batting: RHB Leonard Conway 0-0: Ball
1-0: Called Strike
1-1: Called Strike
1-2: Foul Ball, location: 2F
1-2: Ball
2-2: Ball
3-2: Foul Ball, location: 2F
3-2: Strikes out swinging
Bottom of the 7th over - 0 run(s), 0 hit(s), 0 error(s), 0 left on base; Texas Christian 0 - Wake Forest 3
TOP OF THE 8TH
Texas Christian Horned Frogs batting - Pitching for Wake Forest Demon Deacons : LHP Mike Hill
Batting: SHB Robbie Rhodes 0-0: Ball
1-0: Ball
2-0: Called Strike
2-1: Foul Ball, location: 2F
2-2: Ball
3-2: Foul Ball, location: 2F
3-2: Reached on error, E5 (Groundball, 5)
Pitching: RHP Steve Beck
Batting: RHB Bob McDonald 0-0: Fly out, F8 (Flyball, 8LM)
Batting: LHB Ryan Flynn 0-0: Ball
1-0: Ball
2-0: Called Strike
2-1: Ball
3-1: Called Strike
3-2: Foul Ball, location: 2F
3-2: Foul Ball, location: 2F
3-2: Foul Ball, location: 2F
3-2: Foul Ball, location: 2F
3-2: Base on Balls
Robbie Rhodes to second
Batting: RHB Anthony Walsh 0-0: Called Strike
0-1: Ball
1-1: Called Strike
1-2: Foul Ball, location: 2F
1-2: Strikes out looking
Batting: SHB Richie Gallegos 0-0: SINGLE (Groundball, 34D)
Robbie Rhodes to third
Ryan Flynn to second
Runner from 3rd tries for Home, SAFE, throw made at trailing runner, SAFE at third!
Batting: RHB Stan Webb 0-0: Called Strike
0-1: Swinging Strike
0-2: Ball
1-2: Ground out 1-3 (Groundball, 13)
Top of the 8th over - 1 run(s), 1 hit(s), 1 error(s), 2 left on base; Texas Christian 1 - Wake Forest 3
BOTTOM OF THE 8TH
Wake Forest Demon Deacons batting - Pitching for Texas Christian Horned Frogs : LHP Dani Torres
Pitching: RHP Roberto Marino
Batting: RHB Wilbert Bernard 0-0: Foul Ball, location: 2F
0-1: Foul Ball, location: 2F
0-2: Foul Ball, location: 2F
0-2: Ball
1-2: Strikes out looking
Batting: RHB Daniel Dillard 0-0: Foul Ball, location: 2F
0-1: Called Strike
0-2: Foul Ball, location: 2F
0-2: Ball
1-2: Strikes out looking
Batting: RHB Ed Hamilton 0-0: Ball
1-0: Called Strike
1-1: Ball
2-1: Foul Ball, location: 2F
2-2: Ground out 4-3 (Groundball, 4)
Bottom of the 8th over - 0 run(s), 0 hit(s), 0 error(s), 0 left on base; Texas Christian 1 - Wake Forest 3
TOP OF THE 9TH
Texas Christian Horned Frogs batting - Pitching for Wake Forest Demon Deacons : RHP Steve Beck
Pitching: LHP Dan Brown
Batting: RHB Britt Short 0-0: Called Strike
0-1: Fly out, F2 (Popup, 23F)
Batting: RHB José Reyes 0-0: Ball
1-0: SINGLE (Groundball, 4MD)
Batting: RHB Francisco Fernández 0-0: Called Strike
0-1: Foul Ball, location: 2F
0-2: Fly out, F7 (Flyball, 78M)
Batting: SHB Robbie Rhodes 0-0: Ball
1-0: Called Strike
1-1: Swinging Strike
1-2: Ball
2-2: Ball
3-2: Strikes out looking
Top of the 9th over - 0 run(s), 1 hit(s), 0 error(s), 1 left on base; Texas Christian 1 - Wake Forest 3
Monday, December 5th, 2016 - OOTP Baseball 17.12 Build 75